 Dungeon Crawl Stone Soup version 0.21-a0-404-g291f19a (webtiles) character file.

22 rgaf the Ruffian (level 2, -1/25 (26) HPs)
             Began as a Ghoul Monk on Oct 27, 2017.
             Slain by a kobold
             ... wielding a +0 club
              (6 damage)
             ... on level 1 of the Dungeon.
             The game lasted 00:00:35 (884 turns).

rgaf the Ruffian (Ghoul Monk)                        Turns: 884, Time: 00:00:35

HP:   -1/25 (26)    AC:  2    Str: 14    XL:     2   Next: 91%
MP:   1/1           EV: 12    Int:  5    God:
Gold: 25            SH:  0    Dex: 11    Spells: 1/1 levels left

rFire    . . .     SeeInvis .     - Unarmed
rCold    + . .     Gourm    .   (no shield)
rNeg     + + +     Faith    .   a - +0 robe
rPois    ∞         Spirit   .   (no helmet)
rElec    .         Reflect  .   (no cloak)
rCorr    .         Harm     .   (no gloves)
MR       .....                  (no boots)
Stlth    ++........             (no amulet)
HPRegen  0.00/turn              (no ring)
MPRegen  0.07/turn              (no ring)

@: rotting
A: rotting body, claws 1, carnivore 3, cold resistance 1, negative energy
resistance 3, inhibited regeneration, torment resistance, unbreathing
a: no special abilities


You were on level 1 of the Dungeon.
You were not hungry.

You visited 1 branch of the dungeon, and saw 1 of its levels.

You collected 25 gold pieces.

Inventory:

Armour
 a - a +0 robe (worn)
Potions
 d - a potion of heal wounds {unknown}
Comestibles
 b - a meat ration


   Skills:
 - Level 3.2 Fighting
 - Level 2.6 Dodging
 - Level 2.1 Stealth
 + Level 4.4 Unarmed Combat


You had one spell level left.
You didn't know any spells.

Dungeon Overview and Level Annotations

Branches:
Dungeon (1/15)

Altars:


Innate Abilities, Weirdness & Mutations

Your body is rotting away.
You thrive on raw meat.
You are immune to poison.
You have sharp fingernails.
You are carnivorous and can eat meat at any time.
Your flesh is cold resistant. (rC+)
You are immune to negative energy. (rN+++)
You do not regenerate when monsters are visible.
You are immune to unholy pain and torment.
You can survive without breathing.


Message History

Things that are here:
a club; a hobgoblin corpse The rat barely misses you.
The rat barely misses you.
You scratch the rat but do no damage. The rat closely misses you.
You scratch the rat.
You kill the rat!
You closely miss the goblin. The goblin barely misses you.
You completely miss the goblin. The goblin hits you.
You miss the goblin. The goblin misses you.
You scratch the goblin.
You kill the goblin!
You scratch the kobold but do no damage.
The kobold hits you with a club.
* * * LOW HITPOINT WARNING * * *
You closely miss the kobold. The kobold hits you with a club.
* * * LOW HITPOINT WARNING * * *
You barely miss the kobold. Your claw misses the kobold.
The kobold hits you with a club.
You die...

.# ###.###.###.#...#
.# #...#.....#.#..$#
.###.#######.#.#...#
# .#.....#
#...#..##.# .#.###.#
###.#)....# .#.#...#
#.#.$..## .#.#.#####
##.#.##.# .#.#.#...#
#<.#K# ...
.#.###.#.#####.#@#
####
.#.....#...#...#.#
.###.###.#.#.###.#
.)...#...#...# #.#
.#####.####### #.#
.#####.#########.#
.................#
##########..##.#.# #
##.##)#.#


You could see a kobold.

Vanquished Creatures
  A leopard gecko (D:1)
  2 goblins (D:1)
  4 hobgoblins (D:1)
  4 bats (D:1)
  A frilled lizard (D:1)
  5 kobolds (D:1)
  3 rats (D:1)
20 creatures vanquished.

Notes
Turn   | Place    | Note
-------+----------+-------------------------------------------
     0 | D:1      | rgaf the Ghoul Monk began the quest for the Orb.
     0 | D:1      | Reached XP level 1. HP: 19/19 MP: 0/0
   204 | D:1      | Reached XP level 2. HP: 23/26 MP: 1/1
   304 | D:1      | Reached skill level 4 in Unarmed Combat
   884 | D:1      | Slain by a kobold

Vault maps used:
D:1:      elethiomel_arrival_maze

Skill      XL: |  1  2 |
---------------+-------+-----
Unarmed Combat | 4 |  4.4
Fighting       | |  3.2
Dodging        | |  2.6
Stealth        | |  2.1

Action                   || total
-------------------------++-------
Melee: Unarmed           ||    76
 Stab: Sleeping          ||     1
  Eat: Chunk             ||     1
Armor: Robe              ||     5
Dodge: Dodged            ||    48

Table legend:
 A = Spawn XP
 B = Non-spawn XP
 C = Spawn XP percentage of total XP
 D = Spawn monster count
 E = Non-spawn monster count
 F = Spawn count percentage of total count
 G = Total turns spent on level
                    A         B        C        D         E        F      G
               +---------+---------+-------+---------+---------+-------+---------
         Total |       0 |      32 |   0.0 |       0 |      20 |   0.0 |   884
               +---------+---------+-------+---------+---------+-------+---------
           D:1 |       0 |      32 |   0.0 |       0 |      20 |   0.0 |   884
               +---------+---------+-------+---------+---------+-------+---------
